 Dungeon Crawl Stone Soup version 0.31-a0-177-g4aa6249778 (webtiles) character file.

Game seed: 6472406297152358194

65 qw the Chopper (level 4, -3/28 HPs)
             Began as a Gargoyle Fighter on June 18, 2023.
             Slain by a goblin
             ... wielding a +0 dagger
             ... led by Robin
              (5 damage)
             ... on level 2 of the Dungeon.
             The game lasted 00:00:34 (853 turns).

qw the Chopper (Gargoyle Fighter)                    Turns: 853, Time: 00:00:35

Health: -3/28      AC: 12    Str: 22    XL:     4   Next: 13%
Magic:  4/4        EV:  8    Int:  8    God:
Gold:   61         SH:  6    Dex:  9    Spells: 3/3 levels left

rFire   . . .        Y - +0 war axe
rCold   + . .        g - +2 buckler {rC+}
rNeg    + . .        f - +0 chain mail
rPois   inf          (no helmet)
rElec   +            (no cloak)
rCorr   .            (no gloves)
SInv    .            (no boots)
Will    .....        (no amulet) Stlth
                     (no ring)
HPRegen 0.24/turn    (no ring)
MPRegen 0.09/turn

%: no passive effects
@: no status effects
A: sickness immunity, AC +3, negative energy resistance 1, electricity
resistance, torment resistance 1, petrification resistance
a: no special abilities


You were on level 2 of the Dungeon.
You visited 1 branch of the dungeon, and saw 2 of its levels.

You collected 61 gold pieces.


Innate Abilities, Weirdness & Mutations

You are immune to sickness and miasma.
Your stone body is resilient. (AC +3)
You are immune to poison.
You resist negative energy. (rN+)
You are resistant to electric shocks. (rElec)
You are resistant to unholy torment.
You are immune to petrification.


   Skills:
 - Level 3.2 Fighting
 + Level 3.9 Axes
 - Level 3.2 Armour
 - Level 3.2 Shields


You had 3 spell levels left.
You didn't know any spells.
Your spell library was empty.

Inventory:

Hand Weapons
 e - a +0 club
 Y - a +0 war axe (weapon)
Armour
 f - a +0 chain mail (worn)
 g - a +2 buckler of cold resistance (worn)
Scrolls
 a - a scroll of fear {unknown}
Potions
 d - 2 potions of might
 i - a potion of brilliance {unknown}

Dungeon Overview and Level Annotations

Branches:
Dungeon (2/15)

Altars:


Message History

You barely miss the goblin. The goblin hits you but does no damage.
The goblin barely misses you.
You closely miss the goblin.
The goblin is severely wounded.
You hit the goblin. You block the goblin's attack.
The goblin barely misses you. The goblin closely misses you.
The goblin barely misses you.
You barely miss the goblin.
The goblin is severely wounded.
You hit the goblin.
You kill the goblin!
The goblin hits you with a +0 dagger.
You barely miss the goblin.
The goblin is severely wounded.
You barely miss the goblin. The goblin barely misses you. x2
You barely miss the goblin.
The goblin is severely wounded.
You barely miss the goblin. You block the goblin's attack. x2
You barely miss the goblin.
The goblin is severely wounded.
You closely miss the goblin. The goblin hits you but does no damage.
You block the goblin's attack. The goblin hits you but does no damage.
The goblin completely misses you.
You barely miss the goblin.
The goblin is severely wounded.
You closely miss the goblin. The goblin hits you but does no damage.
The goblin hits you with a +0 dagger.
You closely miss the goblin.
The goblin is severely wounded.
You slash the goblin!
You kill the goblin!
You block the goblin's attack.
You hit the goblin but do no damage.
The goblin is severely wounded.
You closely miss the goblin.
The goblin closely misses you. x2; You block the goblin's attack.
The goblin hits you with a +0 dagger.
You die...

#<.# #..##.#..##.#. #..#
#.....#..#...# ...#
#..##..._..#.+ #..##
#..#...#..#.## #.##
#........#..#. ..
#............. g ...
#.....###..... ...
...#####..###...#.##.
.....###@)...............
#.>..lggg)...............
########.....#...........
#.....###########.
#.................
#.....############
#.....# #.....# #######


You could see 3 goblins and a frilled lizard.

Vanquished Creatures
  Robin (D:2)
  An adder (D:2)
  2 dart slugs (D:1)
  3 endoplasms (D:1)
  3 giant cockroaches (D:1)
  9 goblins
  4 hobgoblins
  2 kobolds (D:1)
  3 quokkas
  A ball python (D:2)
  2 bats (D:1)
  2 frilled lizards (D:1)
  2 rats (D:1)
35 creatures vanquished.

Notes
Turn   | Place    | Note
-------+----------+-------------------------------------------
     0 | D:1      | qw the Gargoyle Fighter began the quest for the Orb.
     0 | D:1      | Reached XP level 1. HP: 14/14 MP: 1/1
     0 | D:1      | 0 ||| qw: Version: 0.3-a-5-g6f28e65
     0 | D:1      | 0 ||| qw: Game counter: 637
     0 | D:1      | 0 ||| qw: Always use a shield: true
     0 | D:1      | 0 ||| qw: God list: Okawaru
     0 | D:1      | 0 ||| qw: Allow faded altars: false
     0 | D:1      | 0 ||| qw: Do Orc after D:15 true
     0 | D:1      | 0 ||| qw: Do second Lair branch before Depths: true
     0 | D:1      | 0 ||| qw: Lair rune preference: random
     0 | D:1      | 0 ||| qw: Plans: Normal, Zot:1-4, Slime:5, God:TSO, Crypt,
                  | Tomb, Abyss, Pan, Hells, Win
     0 | D:1      | 0 ||| PLANNING D:1-11
   137 | D:1      | 137 ||| Stepping ~*~*~tactically~*~*~ (stealth).
   139 | D:1      | 139 ||| Stepping ~*~*~tactically~*~*~ (stealth).
   144 | D:1      | HP: 2/14 [goblin/+0 club (4)]
   145 | D:1      | Reached XP level 2. HP: 3/19 MP: 2/2
   151 | D:1      | HP: 3/19 [bat (1)]
   155 | D:1      | HP: 1/19 [giant cockroach (1)]
   256 | D:1      | 256 ||| Stepping ~*~*~tactically~*~*~ (hiding).
   258 | D:1      | 258 ||| Stepping ~*~*~tactically~*~*~ (hiding).
   261 | D:1      | 261 ||| Stepping ~*~*~tactically~*~*~ (hiding).
   263 | D:1      | 263 ||| Stepping ~*~*~tactically~*~*~ (hiding).
   360 | D:1      | Reached skill level 3 in Axes
   381 | D:1      | Reached XP level 3. HP: 23/23 MP: 3/3
   674 | D:1      | 674 ||| UPGRADING to +0 chain mail.
   684 | D:1      | 684 ||| DROPPING +0 scale mail.
   685 | D:1      | 685 ||| UPGRADING to +2 buckler of cold resistance.
   695 | D:1      | 695 ||| DROPPING +0 buckler.
   696 | D:1      | 696 ||| READING scroll labelled CASUQO QANNIE.
   716 | D:2      | Found a faded altar of an unknown god.
   818 | D:2      | Noticed Robin
   819 | D:2      | 819 ||| Stepping ~*~*~tactically~*~*~ (hiding).
   831 | D:2      | HP: 4/23 [goblin/+0 club[Robin] (5)]
   837 | D:2      | HP: 1/23 [Robin/+0 club (2)]
   844 | D:2      | Killed Robin
   845 | D:2      | Reached XP level 4. HP: 3/28 MP: 4/4
   847 | D:2      | HP: 3/28 [goblin/+0 dagger[Robin] (1)]
   853 | D:2      | Slain by a goblin

Levels and vault maps discovered:
D:1:      amcnicky_arrival_underground_garden, layout_rooms,
          minmay_tree_intersection, feat_on_display
D:2:      layout_rooms, hellmonk_ecumenical_altar_blasted,
          kennysheep_generic_room_15, uniq_robin

Skill      XL: |  1  2 |
---------------+-------+-----
Axes           | 2 3 |  3.9
Fighting       | |  3.2
Armour         | |  3.2
Shields        | |  3.2

Action                     |  1- 3 |  4- 6 || total
---------------------------+-------+-------++-------
  Melee: War axe           |    94 |     9 ||   103
    Use: Scroll            |     1 |       ||     1
 Armour: Scale mail        |    27 |       ||    27
         Chain mail        |    35 |     4 ||    39
  Dodge: Dodged            |    42 |     9 ||    51
  Block: Buckler           |    28 |     6 ||    34

Table legend:
 A = Non-vault XP
 B = Vault XP
 C = Vault XP percentage of total XP
 D = Non-vault monster count
 E = Vault monster count
 F = Vault count percentage of total count
                 A         B        C        D         E       F
            +---------+---------+-------+---------+---------+-------
      Total |      61 |      32 |  34.4 |      26 |       9 |  25.7
            +---------+---------+-------+---------+---------+-------
        D:1 |      43 |       0 |   0.0 |      22 |       0 |   0.0
        D:2 |      18 |      32 |  64.0 |       4 |       9 |  69.2
            +---------+---------+-------+---------+---------+-------
